 Dungeon Crawl Stone Soup version 0.29.1-1-gd02db6906a (webtiles) character file.

Game seed: 11191699645348830289

44 lonewolfV2 the Covered (level 3, 0/33 HPs)
             Began as a Minotaur Fighter on Oct 17, 2022.
             Slain by an adder (1 damage)
             ... on level 2 of the Dungeon.
             The game lasted 00:01:14 (734 turns).

lonewolfV2 the Covered (Minotaur Fighter)            Turns: 734, Time: 00:01:15

Health: 0/33       AC:  8    Str: 22    XL:     3   Next: 39%
Magic:  2/2        EV:  9    Int:  5    God:
Gold:   51         SH:  4    Dex:  9    Spells: 2/2 levels left

rFire   . . .      SeeInvis .   a - +1 long sword
rCold   . . .      Faith    .   c - +0 buckler
rNeg    . . .      Spirit   .   b - +1 scale mail
rPois   .          Reflect  .   (helmet restricted)
rElec   .          Harm     .   (no cloak)
rCorr   .          Rampage  .   (no gloves)
Will    .....                   (no boots)
Stlth   ..........              (no amulet)
HPRegen 0.11/turn               (no ring)
MPRegen 0.08/turn               (no ring)

@: no status effects
A: horns 2, retaliatory headbutt
a: no special abilities


You were on level 2 of the Dungeon.
You visited 1 branch of the dungeon, and saw 2 of its levels.

You collected 51 gold pieces.

Inventory:

Hand Weapons
 a - a +1 long sword (weapon)
Armour
 b - a +1 scale mail (worn)
 c - a +0 buckler (worn)
Jewellery
 e - a ring of protection from fire
Potions
 d - a potion of might
 j - a potion of magic {unknown}


   Skills:
 + Level 4.1 Fighting
 + Level 3.1 Long Blades
 + Level 4.2 Armour
 + Level 4.1 Shields


You had 2 spell levels left.
You didn't know any spells.
Your spell library was empty.

Dungeon Overview and Level Annotations

Branches:
Dungeon (2/15)

Altars:


Innate Abilities, Weirdness & Mutations

You have a pair of horns on your head.
You reflexively headbutt those who attack you in melee.


Message History

The orc priest calls down the wrath of Beogh upon you.
Beogh smites you!
* * * LOW HITPOINT WARNING * * *
The orc wizard casts a spell.
The orc wizard flickers and vanishes!
Deactivating autopickup; reactivate with Ctrl-A.
The orc hits you but does no damage.
Your Armour skill increases to level 4!
You hear some strange, mumbled words.
Something tries to affect you, but you resist.
The orc barely misses you.
Items here: ( ) [ †.
You closely miss the orc. You miss something. You headbutt something.
Reactivating autopickup.
You feel a bit more experienced. You block the adder's attack.
Your Fighting skill increases to level 4!
Your Long Blades skill increases to level 3!
Your Shields skill increases to level 4!
You have reached level 3!
Your experience leads to an increase in your attributes!
Increase (S)trength, (I)ntelligence, or (D)exterity?
You feel stronger. x2
You closely miss the adder. The adder closely misses you. x2
You miss the adder. The adder bites you but does no damage.
The orc priest miscasts a cantrip.
You miss the adder.
You headbutt the adder, but do no damage.
You block the adder's attack. The adder closely misses you.
You closely miss the adder. Your headbutt misses the adder.
The adder bites you but does no damage. The adder bites you.
* * * LOW HITPOINT WARNING * * *
You miss the adder.
The orc priest looks braver for a moment.
You block the adder's attack. The adder bites you.
* * * LOW HITPOINT WARNING * * *
The adder attacks as you move away! The adder bites you but does no damage.
The adder attacks as you move away! The adder bites you.
You die...

#.#
##.#.###.#.#.#
#.# # #.#
#.#.# #.#.#.#
#.# ... ..#.#
#.....# #.#
####.# #...<.#
... ..#
#.....# ###
### #.....#
##...## ##.##
#@# #S# #.#
#o### #oo.##
##...# #.....#
#..........
#......#...


You could see an orc priest, an adder and 2 orcs.

Vanquished Creatures
  An orc wizard (D:2)
  An orc (D:2)
  A ball python (D:1)
  An endoplasm (D:1)
  3 goblins (D:1)
  A hobgoblin (D:1)
  A quokka (D:2)
  5 bats (D:1)
  3 rats (D:1)
17 creatures vanquished.

Notes
Turn   | Place    | Note
-------+----------+-------------------------------------------
     0 | D:1      | lonewolfV2 the Minotaur Fighter began the quest for the
                  | Orb.
     0 | D:1      | Reached XP level 1. HP: 19/19 MP: 0/0
   277 | D:1      | Reached XP level 2. HP: 27/27 MP: 1/1
   289 | D:1      | Found a faded altar of an unknown god.
   727 | D:2      | Reached XP level 3. HP: 4/33 MP: 2/2
   732 | D:2      | HP: 1/33 [adder (1)]
   734 | D:2      | Slain by an adder

Illustrated notes

Levels and vault maps discovered:
D:1:      roderic_chinese_lattice_arrival, layout_loops_ring,
          ebering_ecumenical_altar_hall
D:2:      layout_loops_ring, chequers_big_river, nrook_mini_vaults

Skill      XL: |  1  2 |
---------------+-------+-----
Armour         | 4 |  4.2
Fighting       | 4 |  4.1
Long Blades    | 3 |  3.1
Shields        | 4 |  4.1

Action                   || total
-------------------------++-------
Melee: Long sword        ||    29
       Headbutt          ||     4
  Use: Scroll            ||     5
Armor: Scale mail        ||    17
Dodge: Dodged            ||    17
Block: Buckler           ||    12
